 Dungeon Crawl Stone Soup version 0.23.2 (webtiles) character file.

Game seed: 17506563968313478881

373 Kairos the Skirmisher (level 7, 0/60 HPs)
             Began as a Formicid Abyssal Knight on Apr 12, 2019.
             Was a Believer of Lugonu.
             Succumbed to a gnoll's poison
             ... on level 5 of the Dungeon.
             The game lasted 00:05:01 (3913 turns).

Kairos the Skirmisher (Formicid Abyssal Knight)     Turns: 3913, Time: 00:05:03

Health: 0/60       AC: 10    Str: 15 (16) XL:     7   Next: 3%
Magic:  8/8        EV: 10    Int: 11 (12) God:    Lugonu [**....]
Gold:   236        SH:  5    Dex:  6 (8)  Spells: 6/6 levels left

rFire    . . .     SeeInvis +   n - +4 spear
rCold    + . .     Gourm    .   (no shield)
rNeg     . . .     Faith    .   m - +3 ring mail {rC+}
rPois    +         Spirit   .   (helmet unavailable)
rElec    .         Reflect  +   (no cloak)
rCorr    .         Harm     .   g - +0 pair of gloves
MR       .....                  (no boots)
Stlth    ..........             j - +5 amulet of reflection
HPRegen  0.20/turn              f - ring of poison resistance
MPRegen  0.11/turn              i - ring of attention (curse)

@: lethally poisoned (0 -> -17)
A: permanent stasis, dig shafts and tunnels, four strong arms, antennae 3,
clumsy 1, robust 1, weak 1, evolution 1
a: Dig, Shaft Self, Depart the Abyss, Bend Space, Renounce Religion


You were on level 5 of the Dungeon.
You worshipped Lugonu.
Lugonu was pleased with you.
You were hungry.

You visited 1 branch of the dungeon, and saw 5 of its levels.
You visited the Abyss 1 time.

You collected 236 gold pieces.

Inventory:

Hand Weapons
 a - a +1 spear
 n - a +4 spear (weapon)
Missiles
 o - 5 tomahawks (quivered)
Armour
 b - a +0 leather armour
 g - a +0 pair of gloves (worn)
 m - a +3 ring mail of cold resistance (worn)
Magical Staves
 r - an uncursed staff of earth
Jewellery
 f - a ring of poison resistance (left hand)
 i - a cursed ring of attention (right hand)
 j - a +5 amulet of reflection (around neck)
 p - an uncursed ring of fire
 q - an uncursed amulet of rage {unknown}
 y - a cursed amulet of inaccuracy {unknown}
Wands
 d - a wand of polymorph (10)
Scrolls
 s - 3 scrolls of identify
 u - a scroll of immolation {unknown}
Potions
 h - a potion of mutation
 k - a potion of curing {unknown}
 l - a potion of degeneration
 t - a potion of agility {unknown}
 v - a potion of haste
 w - 2 potions of heal wounds {unknown}
Miscellaneous
 e - a sack of spiders
Comestibles
 c - 9 rations


   Skills:
 + Level 4.8 Fighting
 + Level 4.4 Polearms
 + Level 4.0 Armour
 + Level 2.1 Dodging
 + Level 1.0 Stealth
 + Level 2.3 Invocations


You had 6 spell levels left.
You didn't know any spells.
Your spell library was empty.

Dungeon Overview and Level Annotations

Branches:
Dungeon (5/15)
 Temple: D:4-7

Altars:
Elyvilon
Kikubaaqudgha
Makhleb
Okawaru
Qazlal
Ru
Vehumet


Innate Abilities, Weirdness & Mutations

You cannot be hasted, slowed, berserked, paralysed or teleported.
You can dig through walls and to a lower floor.
Your four strong arms can wield two-handed weapons with a shield.
You have a pair of large antennae on your head. (SInv)
You are clumsy. (Dex -2)
You are robust. (+10% HP)
You are weak. (Str -2)
You evolve.


Message History

The gnoll is severely wounded.
* * * LOW HITPOINT WARNING * * *
You feel sick.
You closely miss the gnoll.
The gnoll is severely wounded.
* * * LOW HITPOINT WARNING * * *
You feel sick. The gnoll closely misses you.
It was a potion of mutation.
You feel extremely strange.
You feel clumsy.
You feel weaker.
You feel robust.
You feel nature experimenting on you.
Don't worry, failures die fast.
* * * LOW HITPOINT WARNING * * *
You feel sick. The gnoll closely misses you.
It was a potion of degeneration.
There was something very wrong with that liquid.
You feel weakened.
You feel dopey.
You feel clumsy.
* * * LOW HITPOINT WARNING * * *
You feel sick. The gnoll completely misses you.
It was a potion of haste.
Your stasis prevents you from being hasted.
You die...

#.........#
#####
#......#'##
#......#.#
#......#.#
#......#)#
#......#.#
#......#.#
####.#.#.#
#.#.#@#
#...g.#
#...###
#...[......
#....##g..###
#.#.. ...+ #
### g.# ..#
.#


You could see a gnoll.

Vanquished Creatures
  An ogre (D:4)
  An orc priest (D:4)
  3 worker ants (D:4)
  6 gnolls
  5 adders
  An ooze (D:3)
  An adder skeleton (D:4)
  2 dart slugs (D:2)
  2 leopard geckos
  5 orcs
  2 giant cockroaches
  10 goblins
  4 hobgoblins
  2 jackals (D:1)
  11 kobolds
  8 bats
  7 frilled lizards
  10 rats
81 creatures vanquished.

Notes
Turn   | Place    | Note
-------+----------+-------------------------------------------
     0 | Abyss:1  | Kairos the Formicid Abyssal Knight began the quest for the
                  | Orb.
     0 | Abyss:1  | Reached XP level 1. HP: 18/18 MP: 2/2
    56 | Abyss:1  | Noticed a shadow
    69 | Abyss:1  | Noticed a small abomination
    93 | Abyss:1  | Found a corrupted altar of Lugonu.
   199 | Abyss:2  | Noticed a small abomination
   212 | D:1      | Escaped the Abyss
   308 | D:1      | Reached * piety under Lugonu
   308 | D:1      | Reached XP level 2. HP: 21/25 MP: 3/3
   526 | D:1      | Reached skill level 1 in Dodging
   619 | D:1      | Reached XP level 3. HP: 23/30 MP: 4/4
  1447 | D:2      | Reached XP level 4. HP: 37/37 MP: 5/5
  1721 | D:2      | Found a faded altar of an unknown god.
  1974 | D:3      | Reached ** piety under Lugonu
  2223 | D:3      | Reached XP level 5. HP: 33/43 MP: 6/6
  3188 | D:4      | Found an ancient bone altar of Kikubaaqudgha.
  3193 | D:4      | Found a burning altar of Makhleb.
  3195 | D:4      | Found a white marble altar of Elyvilon.
  3198 | D:4      | Found a radiant altar of Vehumet.
  3198 | D:4      | Found a stormy altar of Qazlal.
  3198 | D:4      | Found an iron altar of Okawaru.
  3328 | D:4      | Reached XP level 6. HP: 49/49 MP: 7/7
  3420 | D:4      | Noticed an ogre
  3430 | D:4      | Killed an ogre
  3566 | D:4      | Found a sacrificial altar of Ru.
  3819 | D:5      | Entered Level 5 of the Dungeon
  3888 | D:5      | Reached skill level 1 in Stealth
  3888 | D:5      | Reached XP level 7. HP: 55/55 MP: 8/8
  3911 | D:5      | Gained mutation: You are clumsy. (Dex -2) [potion of
                  | mutation]
  3911 | D:5      | Gained mutation: You are weak. (Str -2) [potion of
                  | mutation]
  3911 | D:5      | Gained mutation: You are robust. (+10% HP) [potion of
                  | mutation]
  3911 | D:5      | Gained mutation: You evolve. [potion of mutation]
  3911 | D:5      | HP: 3/60 [poisoned by a gnoll]
  3913 | D:5      | Succumbed to a gnoll's poison

Skill      XL: |  1  2  3  4  5  6 |
---------------+-------------------+-----
Fighting       | 4 |  4.8
Dodging        | 1 2 |  2.1
Armour         | 3 4 |  4.0
Polearms       | 3 4 |  4.4
Stealth        | 1 |  1.0
Invocations    | |  2.3

Action                   |  1- 3 |  4- 6 |  7- 9 || total
-------------------------+-------+-------+-------++-------
Melee: Spear             |   112 |   182 |    19 ||   313
Invok: Depart the Abyss  |     1 |       |       ||     1
 Abil: Dig               |     3 |       |       ||     3
  Use: Scroll            |     2 |     3 |       ||     5
       Potion            |       |       |     3 ||     3
  Eat: Chunk             |     2 |     7 |       ||     9
Armor: Leather armour    |    22 |       |       ||    22
       Ring mail         |    17 |    31 |    11 ||    59
Dodge: Dodged            |    41 |    65 |     6 ||   112
Block: Other             |       |    20 |     3 ||    23
